 Dungeon Crawl Stone Soup version 0.29-a0-284-gf9362112df (webtiles) character file.

Game seed: 10606484734827672775

597 epen the Archer (level 7, -1/56 HPs)
             Began as a Gnoll Hunter on Mar 14, 2022.
             Slain by a gnoll
             ... wielding a +0 spear
              (2 damage)
             ... on level 5 of the Dungeon.
             The game lasted 00:04:34 (3201 turns).

epen the Archer (Gnoll Hunter)                      Turns: 3201, Time: 00:04:34

Health: -1/56      AC:  8    Str: 10    XL:     7   Next: 40%
Magic:  10/10      EV:  6    Int:  8    God:
Gold:   190        SH:  0    Dex: 18    Spells: 10/10 levels left

rFire   . . .      SeeInvis .   a - +1 shortbow
rCold   + . .      Faith    .   (shield currently unavailable)
rNeg    . . .      Spirit   .   s - +0 ring mail
rPois   .          Reflect  .   g - +2 hat
rElec   .          Harm     .   (no cloak)
rCorr   .          Rampage  .   d - +0 pair of gloves
Will    .....                   (no boots)
Stlth   ++........              (no amulet)
HPRegen 0.18/turn               f - ring of protection from cold
MPRegen 0.12/turn               (no ring)

@: about to teleport, held
A: fangs 1, strong nose, distributed training
a: no special abilities


You were on level 5 of the Dungeon.
You visited 1 branch of the dungeon, and saw 5 of its levels.
You also visited: Sewer.

You collected 190 gold pieces.

Inventory:

Hand Weapons
 a - a +1 shortbow (weapon)
Armour
 b - a +0 leather armour
 d - a +0 pair of gloves (worn)
 g - a +2 hat (worn)
 s - a +0 ring mail (worn)
Jewellery
 f - a ring of protection from cold (left hand)
 j - a +4 ring of protection
 l - a ring of magical power
 m - a ring of protection from cold
 o - a ring of positive energy
Scrolls
 i - 2 scrolls of fear {unknown}
 k - 2 scrolls of vulnerability {unknown}
 r - a scroll of noise {unknown}
 v - a scroll of identify
 w - a scroll of enchant armour {unknown}
 x - a scroll of magic mapping
Potions
 e - 6 potions of curing
 h - 3 potions of heal wounds
 n - 2 potions of attraction {unknown}
 p - 2 potions of degeneration {unknown}
 t - 2 potions of flight
 u - a potion of might {unknown}


   Skills:
 + Level 5.2 Fighting
 + Level 2.4 Short Blades
 + Level 2.4 Long Blades
 + Level 2.4 Axes
 + Level 2.4 Maces & Flails
 + Level 2.4 Polearms
 + Level 2.4 Staves
 + Level 2.4 Slings
 + Level 8.9 Bows
 + Level 2.4 Crossbows
 + Level 2.4 Throwing
 + Level 2.4 Armour
 + Level 5.2 Dodging
 + Level 3.4 Stealth
 + Level 2.4 Shields
 + Level 2.4 Unarmed Combat
 + Level 2.4 Spellcasting
 + Level 2.0 Conjurations
 + Level 2.0 Hexes
 + Level 2.0 Summonings
 + Level 2.0 Necromancy
 + Level 2.0 Translocations
 + Level 2.0 Transmutations
 + Level 2.0 Fire Magic
 + Level 2.0 Ice Magic
 + Level 2.0 Air Magic
 + Level 2.0 Earth Magic
 + Level 2.0 Poison Magic
 + Level 2.7 Invocations
 + Level 2.4 Evocations


You had 10 spell levels left.
You didn't know any spells.
Your spell library contained the following spells:

 Spells                   Type           Power      Damage    Failure   Level
 Summon Small Mammal      Summ           16%        N/A       36%         1
 Call Canine Familiar     Summ           4%         N/A       73%         3
 Summon Guardian Golem    Hex/Summ       4%         N/A       73%         3


Dungeon Overview and Level Annotations

Branches:
Dungeon (4/15)              Sewer (visited)
 Temple: D:4-7

Altars:
Dithmenos

Annotations:
D:4 Dowan, Duvessa


Innate Abilities, Weirdness & Mutations

You have very sharp teeth.
Your uncanny sense of smell can sniff out nearby items.
Your experience applies equally to all skills.


Message History

The gnoll attacks as you move away!
The gnoll hits you with a +2 flail of protection.
* * * LOW HITPOINT WARNING * * *
The gnoll attacks as you move away! The gnoll barely misses you.
Found a shadowy altar of Dithmenos.
The gnoll attacks as you move away! The gnoll hits you but does no damage.
Your surroundings suddenly seem different. 2 gnolls, an adder, a worm, an orc and an iguana come into view.
Found a stone staircase leading down.
The gnoll shouts!
The orc shouts!
The gnoll moves out of view.
The orc moves out of view.
The iguana moves out of view.
As you read the scroll of teleportation, it crumbles to dust.
You feel strangely unstable.
Your surroundings suddenly seem different.
A gnoll shaman, 2 jackals, 5 gnolls and a hound come into view.
The gnoll shouts!
The gnoll shaman shouts!
The gnoll shouts! x3
You hear a shout!
The gnoll throws a throwing net.
The throwing net hits you.
You become entangled in the net!
The gnoll barely misses you.
A gnoll comes into view. It is wielding a +0 club.
The hound moves out of view.
The gnoll shouts! x2
You see here a throwing net.
As you read the scroll of teleportation, it crumbles to dust.
You feel strangely unstable.
The jackal barks!
You hear a shout!
The gnoll hits you from afar with a +0 spear.
* * * LOW HITPOINT WARNING * * *
The gnoll hits you but does no damage.
A gnoll comes into view. It is wielding a +0 whip.
Really read the scroll of immolation?
As you read the scroll of immolation, it crumbles to dust.
The creatures around you are filled with an inner flame!
The jackal bites you but does no damage.
The gnoll hits you from afar with a +0 spear.
* * * LOW HITPOINT WARNING * * *
The gnoll barely misses you.
The gnoll hits you from afar with a +0 spear.
You die...

#### #... #...
####... #......
∆∆ ......h##∆∆
.....g.@#
..g.##....g..g#
. ##g.gg..##
+h..g..+
+......+
#......#
........#
..#++#...


You could see a gnoll shaman (inner flame), 7 gnolls and 2 jackals.

Vanquished Creatures
  2 kobold brigands (Sewer)
  2 bullfrogs (D:4)
  A necrophage (D:3)
  A scorpion (D:3)
  A jelly (D:3)
  An orc wizard (D:5)
  7 adders
  A worm (D:2)
  A dart slug (D:1)
  4 orcs
  7 ball pythons
  8 bats
  3 giant cockroaches
  5 goblins
  8 hobgoblins
  2 jackals (D:1)
  15 kobolds
  7 quokkas
  2 frilled lizards
  18 rats
96 creatures vanquished.

Notes
Turn   | Place    | Note
-------+----------+-------------------------------------------
     0 | D:1      | epen the Gnoll Hunter began the quest for the Orb.
     0 | D:1      | Reached XP level 1. HP: 20/20 MP: 1/1
   242 | D:1      | Reached XP level 2. HP: 26/26 MP: 2/2
   527 | D:1      | Reached XP level 3. HP: 31/31 MP: 3/3
   547 | D:1      | Found a faded altar of an unknown god.
   817 | D:2      | Reached skill level 1 in Invocations
   880 | D:2      | Reached skill level 1 in Short Blades
   880 | D:2      | Reached skill level 1 in Long Blades
   880 | D:2      | Reached skill level 1 in Axes
   880 | D:2      | Reached skill level 1 in Maces & Flails
   880 | D:2      | Reached skill level 1 in Polearms
   880 | D:2      | Reached skill level 1 in Staves
   880 | D:2      | Reached skill level 1 in Slings
   880 | D:2      | Reached skill level 1 in Crossbows
   880 | D:2      | Reached skill level 1 in Throwing
   880 | D:2      | Reached skill level 1 in Armour
   880 | D:2      | Reached skill level 1 in Shields
   880 | D:2      | Reached skill level 1 in Unarmed Combat
   880 | D:2      | Reached skill level 1 in Spellcasting
   880 | D:2      | Reached skill level 1 in Evocations
   976 | D:2      | Reached XP level 4. HP: 38/38 MP: 5/5
  1609 | D:3      | Reached skill level 1 in Conjurations
  1609 | D:3      | Reached skill level 1 in Hexes
  1609 | D:3      | Reached skill level 1 in Summonings
  1609 | D:3      | Reached skill level 1 in Necromancy
  1609 | D:3      | Reached skill level 1 in Translocations
  1609 | D:3      | Reached skill level 1 in Transmutations
  1609 | D:3      | Reached skill level 1 in Fire Magic
  1609 | D:3      | Reached skill level 1 in Ice Magic
  1609 | D:3      | Reached skill level 1 in Air Magic
  1609 | D:3      | Reached skill level 1 in Earth Magic
  1609 | D:3      | Reached skill level 1 in Poison Magic
  1666 | D:3      | Found a glowing drain.
  1684 | Sewer    | Entered a sewer
  1750 | Sewer    | Noticed a kobold brigand
  1755 | Sewer    | Noticed a kobold brigand
  1766 | Sewer    | Killed a kobold brigand
  1767 | Sewer    | Reached XP level 5. HP: 36/43 MP: 5/7
  1776 | Sewer    | Killed a kobold brigand
  1777 | Sewer    | Reached XP level 6. HP: 21/50 MP: 6/8
  1977 | Sewer    | Found a white marble altar of Elyvilon.
  2186 | D:3      | Reached skill level 5 in Fighting
  2186 | D:3      | Reached skill level 5 in Dodging
  2877 | D:4      | Reached XP level 7. HP: 56/56 MP: 10/10
  2910 | D:4      | Noticed Duvessa
  2910 | D:4      | Noticed Dowan
  3113 | D:4      | You fall into a shaft and drop 1 floor!
  3113 | D:5      | Entered Level 5 of the Dungeon
  3192 | D:5      | Found a shadowy altar of Dithmenos.
  3201 | D:5      | HP: 1/56 [gnoll/+0 spear (4)]
  3201 | D:5      | Slain by a gnoll

Illustrated notes

Levels and vault maps discovered:
D:1:      nzn_arrival_depleted_hourglass, layout_loops_cross,
          hellmonk_ecumenical_altar_zigzags
D:2:      layout_basic, corexii_hall_statues_i, st_stairs_6
D:3:      layout_basic, portal_sewer_entry_e
D:4:      layout_rooms, chequers_temple_overflow_statue_of_worship, uniq_duvessa
D:5:      layout_cave_pools, nicolae_uskayaw_dance_hall, grunt_dithmenos_smoke,
          serial_shops, nicolae_square_shop, serial_gnoll_camp,
          gnoll_camp_mini_house, gnoll_camp_huts_basic,
          gnoll_camp_mini_doghouse, gnoll_camp_mini_doghouse,
          gnoll_camp_mini_loothouse, minmay_manual_mandibuliform, uniq_ijyb

Skill      XL: |  1  2  3  4  5  6  7 |
---------------+----------------------+-----
Invocations    | 1 2 |  2.7
Short Blades   | 1 2 |  2.4
Long Blades    | 1 2 |  2.4
Axes           | 1 2 |  2.4
Maces & Flails | 1 2 |  2.4
Polearms       | 1 2 |  2.4
Staves         | 1 2 |  2.4
Slings         | 1 2 |  2.4
Crossbows      | 1 2 |  2.4
Throwing       | 1 2 |  2.4
Armour         | 1 2 |  2.4
Shields        | 1 2 |  2.4
Unarmed Combat | 1 2 |  2.4
Spellcasting   | 1 2 |  2.4
Evocations     | 1 2 |  2.4
Conjurations   | 1 2 |  2.0
Hexes          | 1 2 |  2.0
Summonings     | 1 2 |  2.0
Necromancy     | 1 2 |  2.0
Translocations | 1 2 |  2.0
Transmutations | 1 2 |  2.0
Fire Magic     | 1 2 |  2.0
Ice Magic      | 1 2 |  2.0
Air Magic      | 1 2 |  2.0
Earth Magic    | 1 2 |  2.0
Poison Magic   | 1 2 |  2.0
Stealth        | 3 |  3.4
Fighting       | 5 |  5.2
Dodging        | 5 |  5.2
Bows           | |  8.9

Action                   |  1- 3 |  4- 6 |  7- 9 || total
-------------------------+-------+-------+-------++-------
 Fire: Shortbow          |    95 |   161 |    46 ||   302
  Use: Scroll            |       |     5 |     4 ||     9
Armor: Leather armour    |    11 |     2 |       ||    13
       Ring mail         |       |    36 |    11 ||    47
Dodge: Dodged            |    23 |    66 |    33 ||   122

Table legend: (Time is in decaauts)
 A = Elapsed time spent in this place.
 B = Non-inter-level travel time spent in this place.
 C = Inter-level travel time spent in this place.
 D = Time resting spent in this place.
 E = Time spent auto-exploring this place.
 F = Levels seen in this place.
 G = Mean time per level.
                   A        B        C        D        E       F      G
               +--------+--------+--------+--------+--------+-----+--------+
         Total |   3277 |   3201 |     76 |      0 |   2546 |   6 |  546.2 |
       Dungeon |   2912 |   2836 |     76 |      0 |   2247 |   5 |  582.4 |
         Sewer |    364 |    364 |      0 |      0 |    299 |   1 |  364.0 |
               +--------+--------+--------+--------+--------+-----+--------+

Top non-repeatable levels by time:
     D:3: 1044 daAuts
     D:2: 874 daAuts
     D:1: 681 daAuts
   Sewer: 364 daAuts
     D:4: 219 daAuts
     D:5: 92 daAuts
